 Dungeon Crawl Stone Soup version 0.27-a0-1590-g15f69828bf (webtiles) character file.

Game seed: 9094095243166008092

86 duskshroud the Ruffian (level 4, 0/45 HPs)
             Began as a Troll Fighter on July 19, 2021.
             Slain by Crazy Yiuf (19 damage)
             ... on level 2 of the Dungeon.
             The game lasted 00:03:43 (1291 turns).

duskshroud the Ruffian (Troll Fighter)              Turns: 1291, Time: 00:03:44

Health: 0/45       AC:  4    Str: 24    XL:     4   Next: 26%
Magic:  3/3        EV: 10    Int:  4    God:
Gold:   125        SH:  0    Dex: 10    Spells: 3/3 levels left

rFire    . . .     SeeInvis +     - Unarmed
rCold    . . .     Faith    .   (no shield)
rNeg     . . .     Spirit   .   a - +0 robe
rPois    .         Reflect  .   (helmet restricted)
rElec    .         Harm     .   (no cloak)
rCorr    .         Rampage  .   (gloves unavailable)
Will     .....                  (boots unavailable)
Stlth    +.........             (no amulet)
HPRegen  1.15/turn              f - ring of see invisible
MPRegen  0.08/turn              (no ring)

@: lethally poisoned (0 -> 0)
A: large, unfitting armour, claws 3, regeneration 1, shaggy fur 1, tough skin 1
a: no special abilities


You were on level 2 of the Dungeon.
You visited 1 branch of the dungeon, and saw 2 of its levels.

You collected 125 gold pieces.

Inventory:

Hand Weapons
 j - a +0 mace of protection
Armour
 a - a +0 robe (worn)
 b - a +0 kite shield
Magical Staves
 d - a staff of poison
Jewellery
 f - a ring of see invisible (left claw)
Scrolls
 e - a scroll of enchant weapon {unknown}
 h - a scroll of identify {unknown}
 i - a scroll of torment {unknown}
Potions
 c - a potion of might
 g - a potion of haste {unknown}


   Skills:
 + Level 3.1 Fighting
 - Level 2.4 Dodging
 - Level 2.4 Shields
 * Level 3.9 Unarmed Combat


You had 3 spell levels left.
You didn't know any spells.
Your spell library was empty.

Dungeon Overview and Level Annotations

Branches:
Dungeon (2/15)

Altars:

Annotations:
D:2 Crazy Yiuf


Innate Abilities, Weirdness & Mutations

You are too large for most types of armour.
You have claws for hands.
Your natural rate of healing is unusually fast.
You are covered in fur. (AC +1)
You have tough skin. (AC +1)


Message History

The hobgoblin is almost dead.
You completely miss the hobgoblin.
The hobgoblin is almost dead.
The hobgoblin misses you.
You closely miss the hobgoblin.
The hobgoblin is almost dead.
The hobgoblin barely misses you.
You claw the hobgoblin!
You kill the hobgoblin!
No target in view!
You see here a +0 mace of protection.
j - a +0 mace of protection You claw the fungus!
The fungus begins to die.
The fungus is lightly damaged.
You claw the fungus!
The fungus is lightly damaged.
You scratch the fungus but do no damage.
The fungus is lightly damaged.
You scratch the fungus.
The fungus is lightly damaged.
A nearby fungus withers and dies.
You see here a +0 mace.
You see here a +0 mace.
Crazy Yiuf shouts!
You see here a +0 mace.
You open the door. You barely miss Crazy Yiuf.
Crazy Yiuf hits you with a +4 quarterstaff of chaos!
You are poisoned.
You claw Crazy Yiuf!
Crazy Yiuf is moderately wounded.
You feel sick.
Crazy Yiuf flaps his cloak.
Crazy Yiuf completely misses you.
You scratch Crazy Yiuf.
Crazy Yiuf is heavily wounded.
You feel sick.
Crazy Yiuf hits you with a +4 quarterstaff of chaos!
You are electrocuted!!
You die...

..... #.##+#. ....# #.##.#.
....# #.##.#. ...# #.##.#.
#..# #...... #..# #..#.#.
#..##♣ ### #..#... #..+.♣♣♣
♣♣#..)# ##.###.
#..†.PP♣♣♣♣@g.).# #.....
#.)....)♣).♣#..)# ##########
####..+)P.♣.♣♣♣ ###
#......... +.....##♣♣♣♣♣
########## ####.##
#.############# #######
#.##.#.#.##.#.# #..[...
#.##>#.#.##.#.########......
#.##.#.#.##.#.#.............


You could see Crazy Yiuf.

Vanquished Creatures
  3 adders (D:2)
  2 dart slugs (D:1)
  3 bats
  7 endoplasms
  3 giant cockroaches
  3 goblins
  9 hobgoblins
  4 jackals (D:1)
  2 quokkas (D:1)
  A ball python (D:1)
  2 frilled lizards (D:2)
  5 kobolds
  3 rats (D:1)
47 creatures vanquished.

Vanquished Creatures (others)
  2 fungi (D:2)
2 creatures vanquished.

Grand Total: 49 creatures vanquished

Notes
Turn   | Place    | Note
-------+----------+-------------------------------------------
     0 | D:1      | duskshroud the Troll Fighter began the quest for the Orb.
     0 | D:1      | Reached XP level 1. HP: 22/22 MP: 0/0
     6 | D:1      | Noticed an electric eel
    75 | D:1      | Reached XP level 2. HP: 27/29 MP: 1/1
   263 | D:1      | Reached XP level 3. HP: 36/36 MP: 2/2
   825 | D:2      | Reached XP level 4. HP: 45/45 MP: 3/3
  1284 | D:2      | Found a runed translucent door.
  1285 | D:2      | Noticed Crazy Yiuf
  1291 | D:2      | Slain by Crazy Yiuf

Illustrated notes

Levels and vault maps discovered:
D:1:      arrival_aquarium_a, layout_basic, serial_bayou_pond_b,
          minmay_misc_feat_cross
D:2:      layout_basic, uniq_crazy_yiuf_cottage, uniq_robin

Skill      XL: |  1  2  3 |
---------------+----------+-----
Unarmed Combat | 3 |  3.9
Fighting       | 3 |  3.1
Dodging        | |  2.4
Shields        | |  2.4

Action                   |  1- 3 |  4- 6 || total
-------------------------+-------+-------++-------
Melee: Unarmed           |    87 |    35 ||   122
       Punch             |     1 |       ||     1
Armor: Robe              |    22 |     7 ||    29
Dodge: Dodged            |    47 |    15 ||    62

Table legend: (Time is in decaauts)
 A = Elapsed time spent in this place.
 B = Non-inter-level travel time spent in this place.
 C = Inter-level travel time spent in this place.
 D = Time resting spent in this place.
 E = Time spent auto-exploring this place.
 F = Levels seen in this place.
 G = Mean time per level.
                   A        B        C        D        E       F      G
               +--------+--------+--------+--------+--------+-----+--------+
         Total |   1283 |   1283 |      0 |      0 |    991 |   2 |  641.5 |
       Dungeon |   1283 |   1283 |      0 |      0 |    991 |   2 |  641.5 |
               +--------+--------+--------+--------+--------+-----+--------+

Top non-repeatable levels by time:
     D:2: 791 daAuts
     D:1: 492 daAuts
